 Dungeon Crawl Stone Soup version 0.21-a0-29-g43b3074 (webtiles) character file.

564 scalarboson the Firebug (level 7, 0/36 HPs)
             Began as a Tengu Fire Elementalist on May 26, 2017.
             Succumbed to a worker ant's poison
             ... on level 4 of the Dungeon.
             The game lasted 00:15:49 (4899 turns).

scalarboson the Firebug (Tengu Fire Elementalist)   Turns: 4899, Time: 00:15:51

Health: 0/36       AC:  6    Str: 10    XL:     7   Next: 32%
Magic:  11/13      EV: 12    Int: 21    God:
Gold:   245        SH:  3    Dex: 14    Spells: 0/13 levels left

rFire    . . .     SeeInvis .   i - +3 short sword (drain)
rCold    + . .     Gourm    .   g - +0 buckler
rNeg     . . .     Faith    .   e - +3 leather armour
rPois    .         Spirit   .   (helmet restricted)
rElec    .         Reflect  .   (no cloak)
rCorr    .         Harm     .   (no gloves)
MR       .....                  (boots unavailable)
Stlth    ++........             (no amulet)
Regen    0.2/turn               h - ring of protection from cold
MPRegen  0.2/turn               (no ring)

@: brilliant, lethally poisoned (0 -> -3)
A: beak, talons 3, able to fly 1
a: Fly


You were on level 4 of the Dungeon.
You were full.

You visited 1 branch of the dungeon, and saw 4 of its levels.

You collected 245 gold pieces.

Inventory:

Hand Weapons
 i - a +3 short sword of draining (weapon)
Armour
 e - a +3 leather armour (worn)
 g - a +0 buckler (worn)
Jewellery
 h - a ring of protection from cold (left hand)
 k - an uncursed ring of ice
Wands
 f - a wand of polymorph (9/24)
Scrolls
 d - 2 scrolls of teleportation
 j - 2 scrolls of identify
 l - a scroll of enchant armour
Potions
 a - a potion of brilliance
Books
 b - a book of Flames

   Spells                             Type                      Level
   a - Flame Tongue                   Conjuration/Fire             1
   b - Throw Flame                    Conjuration/Fire             2
   c - Conjure Flame                  Conjuration/Fire             3
   d - Inner Flame                    Hexes/Fire                   3
   e - Sticky Flame                   Conjuration/Fire             4
   f - Fireball                       Conjuration/Fire             5
Comestibles
 c - 5 bread rations


   Skills:
 + Level 2.5 Armour
 + Level 2.9 Dodging
 - Level 2.0 Stealth
 + Level 3.6 Spellcasting
 + Level 4.3 Conjurations
 + Level 6.3 Fire Magic


You couldn't memorise any spells.
You knew the following spells:

 Your Spells              Type           Power        Failure   Level  Hunger
a - Flame Tongue          Conj/Fire      #####        1%          1    None
b - Conjure Flame         Conj/Fire      #####...     1%          3    ###....
c - Sticky Flame          Conj/Fire      #####...     3%          4    ####...
d - Fireball              Conj/Fire      #####.....   10%         5    ######.


Dungeon Overview and Level Annotations

Branches:
Dungeon (4/15)
 Temple: D:4-7

Altars:
Okawaru
Trog


Innate Abilities, Weirdness & Mutations

You have a beak for a mouth.
You have claws for feet.
You can fly.


Message History

You feel sick.
Okay, then.
Okay, then.
There is a lethal amount of poison in your body!
* * * LOW HITPOINT WARNING * * *
You feel sick.
* * * LOW HITPOINT WARNING * * *
You feel sick.
* * * LOW HITPOINT WARNING * * *
You feel sick.
* * * LOW HITPOINT WARNING * * *
You feel sick.
* * * LOW HITPOINT WARNING * * *
You feel sick.
You hear the rusting of a distant drain.
* * * LOW HITPOINT WARNING * * *
You feel sick.
* * * LOW HITPOINT WARNING * * *
You feel sick.
You die...

######## #..#..#...#<#
########## #..##.#.#.#.#
##.≈≈≈≈≈≈≈ #..##.#.#.#.#
#..≈≈#≈#≈####..##...#.#.#
#.≈.††≈≈≈....###..#...#
#.....≈......# #..###..
#............# #..# #.#
#............####.###..
#.#.##@##..........####
..... #.##..........# #
####.# #.##..........# #
#. #.##..........# # ..
..##..........# # ..
..##...........# #
####...........# #
#..............
#.#########..#


There were no monsters in sight!

Vanquished Creatures
  3 big kobolds (D:3)
  An iguana (D:3)
  2 worker ants (D:4)
  11 gnolls (D:3)
  2 river rats (D:4)
  An adder skeleton (D:3)
  4 worms
  3 dart slugs
  4 leopard geckos
  6 orcs
  4 bats (D:2)
  7 giant cockroaches
  29 goblins
  31 hobgoblins
  A quokka (D:3)
  2 ball pythons
  2 frilled lizards (D:2)
  13 kobolds
  7 rats
133 creatures vanquished.

Notes
Turn   | Place    | Note
-------+----------+-------------------------------------------
     0 | D:1      | scalarboson the Tengu Fire Elementalist began the quest for the Orb.
     0 | D:1      | Reached XP level 1. HP: 10/10 MP: 4/4
   158 | D:1      | Reached XP level 2. HP: 15/15 MP: 4/6
   315 | D:1      | Reached skill level 4 in Fire Magic
   933 | D:2      | Reached XP level 3. HP: 17/19 MP: 7/7
  1205 | D:2      | Found a bloodstained altar of Trog.
  1423 | D:3      | Learned a level 3 spell: Conjure Flame
  1633 | D:3      | Reached XP level 4. HP: 24/24 MP: 8/8
  1759 | D:3      | Reached skill level 5 in Fire Magic
  2357 | D:3      | HP: 1/24 [leopard gecko (4)]
  2665 | D:3      | Gained mutation: You can fly. [Tengu growth]
  2665 | D:3      | Reached XP level 5. HP: 28/28 MP: 0/9
  2770 | D:3      | Learned a level 4 spell: Sticky Flame
  2824 | D:3      | Found an iron altar of Okawaru.
  3511 | D:3      | Reached skill level 1 in Armour
  3642 | D:3      | Noticed a big kobold
  3643 | D:3      | Noticed a big kobold
  3645 | D:3      | Noticed a big kobold
  3645 | D:3      | Reached XP level 6. HP: 30/32 MP: 7/11
  3718 | D:3      | Reached skill level 6 in Fire Magic
  3984 | D:3      | Reached XP level 7. HP: 31/36 MP: 10/13
  4338 | D:3      | Learned a level 5 spell: Fireball
  4897 | D:4      | HP: 1/36 [poisoned by a worker ant]
  4899 | D:4      | Succumbed to a worker ant's poison

Vault maps used:
D:1:      dpeg_arrival_renting
D:2:      lightli_temple_of_fire
D:3:      minmay_goblin_kobold_castle, okawaru_altar_gauntlet_db, first_bread
D:4:      marbit_many_paths, lightli_sewer_entry_pipes

Skill      XL: |  1  2  3  4  5  6  7 |
---------------+----------------------+-----
Fire Magic     | 4 5 6 |  6.3
Conjurations   | 2 3 4 |  4.3
Armour         | 1 2 |  2.5
Spellcasting   | 3 |  3.6
Dodging        | |  2.9
Stealth        | |  2.0

Action                   |  1- 3 |  4- 6 |  7- 9 || total
-------------------------+-------+-------+-------++-------
Melee: Short sword       |    56 |    68 |    44 ||   168
       Kick              |    10 |     9 |     8 ||    27
       Peck              |     5 |    11 |     6 ||    22
 Cast: Flame Tongue      |    27 |    92 |    29 ||   148
       Conjure Flame     |       |     2 |     1 ||     3
 Abil: Fly               |       |     1 |     2 ||     3
  Use: Scroll            |     5 |     1 |     3 ||     9
       Potion            |     3 |     1 |     1 ||     5
 Stab: Sleeping          |     2 |     1 |       ||     3
  Eat: Chunk             |     3 |     8 |     3 ||    14
       Fruit             |       |     1 |       ||     1
       Meat ration       |       |       |     1 ||     1
Armor: Robe              |     9 |       |       ||     9
       Leather armour    |     6 |    31 |    12 ||    49
Dodge: Dodged            |    51 |    87 |    25 ||   163
Block: Buckler           |       |       |     7 ||     7
